 Dungeon Crawl Stone Soup version 0.26-a0-844-g3dd439832f (webtiles) character file.

Game seed: 1884618131690643096

4032 SolusNox the Grappler (level 10, -4/98 HPs)
             Began as a Troll Monk on Nov 18, 2020.
             Was a Priest of Makhleb.
             Slain by a yak (14 damage)
             ... on level 9 of the Dungeon.
             The game lasted 00:19:13 (7224 turns).

SolusNox the Grappler (Troll Monk)                  Turns: 7224, Time: 00:19:14

Health: -4/98      AC:  6    Str: 24    XL:     10   Next: 4%
Magic:  9/9        EV: 12    Int:  6    God:    Makhleb [***...]
Gold:   446        SH:  0    Dex: 12    Spells: 9/9 levels left

rFire    . . .     SeeInvis .     - Unarmed
rCold    . . .     Faith    .   (no shield)
rNeg     . . .     Spirit   .   a - +0 robe
rPois    .         Reflect  .   (helmet restricted)
rElec    .         Harm     .   (no cloak)
rCorr    .         Rampage  .   (gloves unavailable)
MR       .....                  (boots unavailable)
Stlth    ++........             s - amulet of regeneration {+regen, !d}
HPRegen  1.06/turn              (no ring)
MPRegen  0.11/turn              (no ring)

@: no status effects
A: large, unfitting armour, claws 3, regeneration 1, shaggy fur 1, tough skin 3
a: Minor Destruction, Lesser Servant of Makhleb, Renounce Religion


You were on level 9 of the Dungeon.
You worshipped Makhleb.
Makhleb was most pleased with you.
You visited 1 branch of the dungeon, and saw 9 of its levels.
You also visited: Sewer.

You collected 490 gold pieces.
You spent 44 gold pieces at shops.

Inventory:

Missiles
 y - 10 boomerangs (quivered)
Armour
 a - a +0 robe (worn)
Jewellery
 q - an uncursed ring of ice {unknown}
   (You found it on level 7 of the Dungeon)
 s - an amulet of regeneration (around neck) {+regen, !d}
   (You found it on level 4 of the Dungeon)
Wands
 j - a wand of acid (11)
   (You found it on level 7 of the Dungeon)
 n - a wand of paralysis (6)
   (You took it off an orc on level 3 of the Dungeon)
 r - a wand of disintegration (12)
   (You found it on level 8 of the Dungeon)
 v - a wand of digging (4)
   (You took it off Ijyb on level 5 of the Dungeon)
Scrolls
 b - 7 scrolls of identify {unknown}
 c - 3 scrolls of fear {unknown}
 d - 2 scrolls of blinking {unknown}
 e - 6 scrolls of remove curse {unknown}
 f - 6 scrolls of amnesia {unknown}
 h - 6 scrolls of teleportation {unknown}
 k - 3 scrolls of enchant weapon {unknown}
 p - a scroll of fog {unknown}
 w - 2 scrolls of immolation {unknown}
 x - 2 scrolls of random uselessness {unknown}
Potions
 g - 2 potions of ambrosia {unknown}
 i - 4 potions of curing
 l - a potion of cancellation {unknown}
 m - 3 potions of heal wounds {unknown}
 o - 2 potions of haste {unknown}
 t - 2 potions of mutation {unknown}
 u - a potion of magic {unknown}
 z - 2 potions of brilliance {unknown}


   Skills:
 + Level 6.0 Fighting
 + Level 5.1 Armour
 + Level 5.9 Dodging
 - Level 1.3 Stealth
 * Level 9.6 Unarmed Combat


You had 9 spell levels left.
You didn't know any spells.
Your spell library contained the following spells:

 Spells                   Type           Power        Failure   Level
 Beastly Appendage        Tmut           #.....       45%         1
 Wereblood                Tmut           #.......     58%         2
 Confusing Touch          Hex            #.......     83%         3
 Gell's Gravitas          Tloc           #.........   83%         3
 Spider Form              Tmut/Pois      #.........   83%         3
 Ice Form                 Ice/Tmut       #.......     99%         4
 Petrify                  Tmut/Erth      #.......     99%         4
 Blade Hands              Tmut           #.........   100%        5
 Bolt of Magma            Conj/Fire/Erth #.........   100%        5
 Iskenderun's Battlesphe  Conj           #.......     100%        5
 Metabolic Englaciation   Hex/Ice        #.........   100%        5
 Yara's Violent Unravell  Hex/Tmut       #.........   100%        5
 Iron Shot                Conj/Erth      #.........   100%        6
 Orb of Destruction       Conj           #.........   100%        7
 Spellforged Servitor     Conj/Summ      #.........   100%        7


Dungeon Overview and Level Annotations

Branches:
Dungeon (9/15)             Temple (0/1) D:5           Sewer (visited)
   Lair: D:8-11         Orc: D:9-12

Altars:
Ashenzari
Fedhas
Gozag
Kikubaaqudgha
Makhleb
Nemelex Xobeh
Okawaru
Uskayaw
Wu Jian
Zin
The Shining One

Shops:
D:6 !


Innate Abilities, Weirdness & Mutations

You are too large for most types of armour.
You have claws for hands.
Your natural rate of healing is unusually fast.
You are covered in fur. (AC +1)
You have extremely tough skin. (AC +3)


Message History

You mangle the yak!!
You kill the yak!
Makhleb accepts your kill.
You feel better. The yak gores you!
* * * LOW HITPOINT WARNING * * *
You take 3 damage, and have 2/89 hp.
The yak gores you.
* * * LOW HITPOINT WARNING * * *
You regained 2 hp, and now have 4/89 hp.
The bullfrog releases a deep croak.
There is a stone staircase leading up here.
You regained 2 hp, and now have 30/89 hp.
There is a stone staircase leading up here.
The bullfrog snags a nearby mosquito with its tongue.
There is a stone staircase leading up here.
You regained 2 hp, and now have 56/89 hp.
There is a stone staircase leading up here.
You claw the yak! The yak gores you but does no damage.
You claw the yak! The yak gores you!
You take 14 damage, and have 55/89 hp.
You mangle the yak!!
You kill the yak!
Makhleb accepts your kill. The bullfrog hits you.
Your Armour skill increases to level 5!
You take 3 damage, and have 52/89 hp.
You claw the bullfrog! The bullfrog barely misses you.
You mangle the bullfrog!!
You kill the bullfrog!
Makhleb accepts your kill.
You regained 6 hp, and now have 59/89 hp.
There is a stone staircase leading down, spattered with blood here.
You regained 7 hp, and now have 66/89 hp.
You start resting.
Health restored: 89 You climb downwards.
The yak gores you.
There is a stone staircase leading up, spattered with blood here.
You take 2 damage, and have 87/89 hp.
You barely miss the yak. The yak barely misses you. The yak gores you!
You take 7 damage, and have 80/89 hp.
You mangle the yak!! The yak gores you! The yak gores you but does no damage.
The yak gores you!
You take 18 damage, and have 62/89 hp.
MASSIVE DAMAGE!!
You claw the yak!
You kill the yak!
Makhleb accepts your kill.
You feel better.
An ufetubus comes into view.
The yak barely misses you. The yak gores you.
Your Fighting skill increases to level 6!
You have reached level 10!
You regained 13 hp, and now have 75/98 hp.
MP restored: 9 You closely miss the yak.
The yak gores you.
You take 5 damage, and have 70/98 hp.
The ufetubus shouts!
You claw the yak!
You hear a shout!
The yak gores you.
You barely miss the yak. The yak misses you. The yak barely misses you.
You scratch the yak. The yak gores you but does no damage. The yak gores you!
You take 9 damage, and have 62/98 hp.
You mangle the yak!!
You kill the yak!
Makhleb accepts your kill.
You feel better. The yak gores you!
You regained 2 hp, and now have 64/98 hp.
You closely miss the ufetubus. The ufetubus closely misses you.
The ufetubus barely misses you. The yak gores you.
You take 3 damage, and have 61/98 hp.
You closely miss the ufetubus. The ufetubus hits you.
The ufetubus closely misses you. The ufetubus misses you.
The ufetubus hits you but does no damage.
The yak gores you.
You take 5 damage, and have 56/98 hp.
You miss the ufetubus.
The ufetubus hits you but does no damage.
The ufetubus closely misses you.
You closely miss the ufetubus. The yak gores you! The ufetubus hits you.
The ufetubus completely misses you.
You take 12 damage, and have 45/98 hp.
You barely miss the ufetubus.
The ufetubus misses you. x2; The yak gores you!
You take 12 damage, and have 33/98 hp.
You barely miss the ufetubus. The ufetubus closely misses you.
The ufetubus hits you. The yak gores you!
* * * LOW HITPOINT WARNING * * *
The ufetubus closely misses you. The ufetubus hits you.
* * * LOW HITPOINT WARNING * * *
You take 12 damage, and have 21/98 hp.
You barely miss the ufetubus. The ufetubus barely misses you.
The ufetubus hits you but does no damage.
The yak gores you!
* * * LOW HITPOINT WARNING * * *
You take 13 damage, and have 8/98 hp.
You scratch the ufetubus but do no damage.
The ufetubus barely misses you. The ufetubus misses you.
The ufetubus closely misses you. The ufetubus barely misses you.
The yak gores you!
You die...

#............
#.............
#.............
#.............
+..$..........
#.............
#.............
#....Y........
#....#@5......
.......#........
.......#........
......>#........
.......#........
.......#........
.......#........
#........


You could see a yak and an ufetubus.

Vanquished Creatures
  Prince Ribbit (D:6)
  4 yaks
  Menkaure (D:5)
  2 orc warriors
  2 sky beasts (D:5)
  A centaur (D:7)
  3 ogres
  6 bullfrogs
  2 scorpions
  4 wights (D:6)
  6 howler monkeys
  7 hounds
  A bullfrog zombie (D:6)
  3 orc priests
  A gnoll shaman (D:6)
  A jelly (D:6)
  9 orc wizards
  2 iguanas
  Ijyb (D:5)
  Natasha (thrice) (D:2)
  9 worker ants
  A killer bee zombie (D:6)
  16 adders
  5 gnolls (D:6)
  3 river rats (D:3)
  2 shadow imps
  4 white imps
  2 ufetubi
  14 oozes
  4 adder skeletons
  2 worms (D:3)
  4 dart slugs
  17 leopard geckos
  27 orcs
  17 giant cockroaches
  9 goblins
  12 hobgoblins
  11 jackals
  10 kobolds
  5 quokkas
  10 ball pythons (Sewer)
  7 bats
  16 frilled lizards
  A jackal zombie (D:7)
  A leopard gecko zombie (D:5)
  15 rats
284 creatures vanquished.

Vanquished Creatures (others)
  A withered plant (D:5)
1 creature vanquished.

Grand Total: 285 creatures vanquished

Notes
Turn   | Place    | Note
-------+----------+-------------------------------------------
     0 | D:1      | SolusNox the Troll Monk began the quest for the Orb.
     0 | D:1      | Reached XP level 1. HP: 22/22 MP: 0/0
    98 | D:1      | Reached XP level 2. HP: 27/29 MP: 1/1
   267 | D:1      | Reached XP level 3. HP: 36/36 MP: 2/2
   795 | D:2      | Reached XP level 4. HP: 44/44 MP: 3/3
   841 | D:2      | Found a blossoming altar of Fedhas.
   856 | D:2      | Noticed Natasha
   862 | D:2      | Killed Natasha
   863 | D:2      | Reached skill level 3 in Fighting
   863 | D:2      | Reached skill level 3 in Dodging
  1012 | D:2      | Reached skill level 4 in Unarmed Combat
  1016 | D:2      | Reached skill level 1 in Armour
  1041 | D:2      | Reached XP level 5. HP: 52/53 MP: 4/4
  1319 | D:2      | Noticed Natasha
  1332 | D:2      | Killed Natasha
  1638 | D:2      | Noticed Natasha
  1646 | D:2      | Killed Natasha
  1866 | D:3      | Reached XP level 6. HP: 42/61 MP: 5/5
  1987 | D:3      | Found a glowing drain.
  2039 | Sewer    | Entered a sewer
  2112 | Sewer    | Reached skill level 5 in Unarmed Combat
  2283 | Sewer    | Reached skill level 2 in Armour
  2358 | Sewer    | Reached XP level 7. HP: 65/68 MP: 6/6
  2485 | D:3      | Found a sparkling altar of Nemelex Xobeh.
  2490 | D:3      | Found a hide-covered altar of Uskayaw.
  2859 | D:3      | Found an ornate altar of the Wu Jian Council.
  2873 | D:3      | Found a glowing silver altar of Zin.
  3069 | D:4      | Reached skill level 4 in Fighting
  3291 | D:4      | Reached skill level 6 in Unarmed Combat
  3351 | D:4      | Found an iron altar of Okawaru.
  3358 | D:4      | Reached skill level 4 in Dodging
  3960 | D:5      | Entered Level 5 of the Dungeon
  3986 | D:5      | Reached skill level 3 in Armour
  3986 | D:5      | Reached XP level 8. HP: 30/78 MP: 7/7
  4227 | D:5      | Noticed Ijyb
  4236 | D:5      | Killed Ijyb
  4285 | D:5      | Noticed Menkaure
  4293 | D:5      | Killed Menkaure
  4294 | D:5      | Reached skill level 7 in Unarmed Combat
  4296 | D:5      | HP: 19/79 [iguana (6)]
  4475 | D:5      | Found a burning altar of Makhleb.
  4506 | D:5      | Became a worshipper of Makhleb the Destroyer
  4506 | D:5      | Reached * piety under Makhleb
  4506 | D:5      | Reached ** piety under Makhleb
  4560 | D:5      | Found a staircase to the Ecumenical Temple.
  4671 | D:5      | Found an ancient bone altar of Kikubaaqudgha.
  4793 | D:6      | Found an opulent altar of Gozag.
  5077 | D:6      | Noticed Prince Ribbit
  5095 | D:6      | Killed Prince Ribbit
  5096 | D:6      | Reached skill level 5 in Fighting
  5204 | D:6      | Reached skill level 4 in Armour
  5204 | D:6      | Reached skill level 5 in Dodging
  5204 | D:6      | Reached XP level 9. HP: 88/88 MP: 8/8
  5206 | D:6      | Reached skill level 8 in Unarmed Combat
  5432 | D:6      | Found Iqoill's Distillery.
  5454 | D:6      | Bought a potion of degeneration for 11 gold pieces
  5454 | D:6      | Bought a potion of curing for 33 gold pieces
  5882 | D:6      | Reached *** piety under Makhleb
  6297 | D:7      | Found a broken altar of Ashenzari.
  6360 | D:7      | Reached skill level 9 in Unarmed Combat
  6742 | D:8      | Found a glowing golden altar of the Shining One.
  6779 | D:8      | Found a blossoming altar of Fedhas.
  7095 | D:9      | HP: 19/89 [yak (15)]
  7100 | D:8      | HP: 12/89 [yak (9)]
  7101 | D:8      | HP: 5/89 [yak (8)]
  7102 | D:8      | HP: 2/89 [yak (10)]
  7170 | D:8      | Reached skill level 5 in Armour
  7211 | D:9      | Reached skill level 6 in Fighting
  7211 | D:9      | Reached XP level 10. HP: 75/98 MP: 9/9
  7221 | D:9      | HP: 23/98 [yak (9)]
  7222 | D:9      | HP: 8/98 [yak (14)]
  7224 | D:9      | Slain by a yak

Illustrated notes

Levels and vault maps discovered:
D:1:      minmay_arrival_five_plusses, layout_basic
D:2:      minmay_angry_zag, layout_loops_cross, chequers_serial_rivers_small_b,
          fedhas_altar_2, uniq_natasha
D:3:      layout_loops_ring, grunt_temple_overflow_cloverleaf,
          portal_sewer_entry_a
D:4:      layout_layer_cave, nicolae_overflow_crystal_walls,
          kennysheep_windowed_goal
D:5:      layout_cave_pools, lightli_temple_of_fire, kiku_gazebo_garden_becter,
          minmay_temple_entry_glassed_door, uniq_ijyb, uniq_menkaure
D:6:      layout_cave_pods, lemuel_doored_altar, serial_shops, shop,
          uniq_prince_ribbit1
D:7:      layout_loops_ring, evilmike_ruin_ashenzari,
          chequers_serial_rivers_large_b
D:8:      layout_rooms, old_standard_altar, general_overflow_altar
D:9:      layout_grid_maze, old_standard_altar, nicolae_qazlal_general_emergency

Skill      XL: |  1  2  3  4  5  6  7  8  9 |
---------------+----------------------------+-----
Fighting       | 3 4 5 6 |  6.0
Dodging        | 3 4 5 |  5.9
Unarmed Combat | 4 5 6 7 9 |  9.6
Armour         | 1 2 3 4 5 |  5.1
Stealth        | |  1.3

Action                   |  1- 3 |  4- 6 |  7- 9 | 10-12 || total
-------------------------+-------+-------+-------+-------++-------
Melee: Unarmed           |   103 |   257 |   401 |    13 ||   774
       Punch             |       |     4 |     8 |       ||    12
  Use: Potion            |       |       |     1 |       ||     1
 Stab: Sleeping          |     5 |     3 |     2 |       ||    10
       Distracted        |       |     1 |       |       ||     1
Armor: Robe              |    52 |   101 |    95 |     4 ||   252
Dodge: Dodged            |    61 |   163 |   193 |    17 ||   434

Table legend: (Time is in decaauts)
 A = Elapsed time spent in this place.
 B = Non-inter-level travel time spent in this place.
 C = Inter-level travel time spent in this place.
 D = Time resting spent in this place.
 E = Time spent auto-exploring this place.
 F = Levels seen in this place.
 G = Mean time per level.
                   A        B        C        D        E       F      G
               +--------+--------+--------+--------+--------+-----+--------+
         Total |   7233 |   6264 |    969 |    523 |   4119 |  10 |  723.3 |
       Dungeon |   6803 |   5834 |    969 |    472 |   3989 |   9 |  755.9 |
         Sewer |    430 |    430 |      0 |     51 |    130 |   1 |  430.0 |
               +--------+--------+--------+--------+--------+-----+--------+

Top non-repeatable levels by time:
     D:6: 1239 daAuts
     D:2: 1134 daAuts
     D:4: 1040 daAuts
     D:3: 871 daAuts
     D:5: 767 daAuts
     D:7: 740 daAuts
     D:1: 514 daAuts
     D:8: 474 daAuts
   Sewer: 430 daAuts
     D:9: 21 daAuts

Table legend:
 A = Kills in this place as a percentage of kills in entire the game.
 B = Kills by you in this place as a percentage of kills by you in the entire game.
 C = Kills by friends in this place as a percentage of kills by friends in the entire game.
 D = Other kills in this place as a percentage of other kills in the entire game.
 E = Experience gained in this place as a percentage of experience gained in the entire game.
 F = Experience gained in this place divided by the number of levels of this place that you have seen.
                   A       B       C       D       E      F
               +-------+-------+-------+-------+-------+----------------------
         Total | 100.0 | 100.0 |   N/A |   N/A | 100.0 | 576.1
       Dungeon |  77.8 |  77.8 |   N/A |   N/A |  93.1 | 595.8
         Sewer |  22.2 |  22.2 |   N/A |   N/A |   6.9 | 399.0
               +-------+-------+-------+-------+-------+----------------------
